Map: Darkness Sanctuary LE

Players

Elazer

  • Race: Zerg Zerg
  • League: Grandmaster
  • Spawn Location: 5:00

Patience - Winner!

  • Race: Protoss Protoss
  • Spawn Location: 11:00

Event: HomeStory Cup XVII

VOD

Have the link to the VOD?

Description

Time

  • Played on: June 30, 2018, 8:36 a.m.
  • Length: 15:52

All games in this series

Show
View Real Time Build Order
Export as new Build Order

Elazer Zerg 

Build Orders: Hatch First 

Get SALT Encoding   

  12  0:00  Drone  
  13  0:12  Overlord  
  13  0:17  Drone  
  14  0:30  Drone x2  
  16  0:48  Hatchery  
  15  0:51  Drone  
  15  0:55  Drone  
  17  0:57  Drone  
  18  1:08  Extractor  
  17  1:12  Spawning Pool  
  17  1:16  Drone  
  17  1:19  Drone  
  18  1:28  Drone  
  19  1:38  Drone  
  20  1:49  Overlord  
  20  1:59  Queen  
  20  2:00  Queen, Zergling x4  
  26  2:12  Metabolic Boost, Drone x2  
  28  2:21  Drone  
  28  2:22  Drone  
  30  2:32  Drone x2  
  32  2:39  Hatchery  
  31  2:44  Queen  
  31  2:49  Overlord  
  33  2:52  Drone  
  33  2:55  Drone  
  33  2:56  Drone  
  36  3:09  Drone x3  
  36  3:10  Drone x3  
  36  3:12  Overlord  
  42  3:20  Drone  
  42  3:21  Drone  
  44  3:29  Overlord  
  44  3:30  Queen  
  46  3:37  Drone x2  
  48  3:41  Overlord  
  48  3:42  Drone x2  
  48  3:48  Drone x2  
  49  3:52  Spore Crawler  
  49  3:53  Drone  
  49  3:54  Drone x2  
  51  3:59  Evolution Chamber  
  51  4:00  Zergling x4  
  52  4:03  Drone  
  52  4:06  Spore Crawler  
  52  4:08  Queen  
  54  4:11  Spore Crawler, Drone  
  54  4:12  Drone  
  54  4:13  Drone  
  54  4:16  Drone  
  57  4:22  Drone x4  
  57  4:23  Drone  
  62  4:26  Drone  
  62  4:27  Zerg Melee Weapons Level 1  
  62  4:30  Drone  
  64  4:36  Overlord  
  64  4:39  Drone x4  
  64  4:43  Drone  
  70  4:45  Drone  
  70  4:49  Lair  
  70  4:52  Extractor  
  70  4:53  Drone  
  70  4:54  Extractor  
  70  4:56  Drone  
  70  4:59  Overlord  
  70  5:00  Drone  
  70  5:01  Drone x2  
  70  5:02  Overlord  
  73  5:12  Overlord  
  73  5:16  Queen x2  
  73  5:17  Hatchery  
  76  5:22  Zergling x20  
  76  5:27  Extractor  
  76  5:28  Drone x3  
  88  5:29  Zergling x2  
  88  5:33  Zergling x4  
  91  5:36  Overlord  
  91  5:40  Zergling x4  
  93  5:46  Overlord  
  93  5:51  Hydralisk Den  
  93  5:52  Zergling x10  
  93  5:55  Queen  
  93  5:56  Queen  
  101  5:59  Overlord  
  101  6:00  Zergling x8  
  101  6:03  Overlord  
  105  6:09  Drone  
  105  6:10  Extractor  
  104  6:17  Drone x2  
  104  6:18  Drone x2  
  108  6:20  Grooved Spines  
  108  6:21  Hydralisk x5, Baneling Nest  
  117  6:26  Hydralisk x2  
  117  6:32  Hydralisk x3  
  124  6:42  Hydralisk x3  
  124  6:45  Zergling x10  
  135  6:53  Hydralisk  
  135  7:01  Overlord  
  135  7:02  Zerg Melee Weapons Level 2  
  135  7:05  Baneling  
  135  7:06  Baneling  
  135  7:13  Drone  
  135  7:15  Overlord  
  135  7:17  Baneling x8  
  126  7:32  Drone x3  
  126  7:33  Hydralisk  
  126  7:34  Hydralisk x3  
  126  7:35  Zergling x2  
  126  7:36  Zergling x28  
  148  7:44  Overseer  
  148  7:46  Zergling x8  
  148  7:47  Muscular Augments  
  148  7:50  Overlord  
  152  7:52  Extractor  
  152  7:55  Centrifical Hooks  
  152  7:56  Overlord  
  151  8:00  Drone  
  151  8:01  Overlord  
  152  8:09  Drone x4  
  152  8:10  Drone  
  155  8:13  Overlord  
  155  8:22  Hydralisk x7  
  169  8:32  Overlord  
  169  8:35  Zergling x14  
  174  8:49  Baneling x4  
  174  8:51  Overlord  
  168  8:55  Overlord  
  168  8:57  Hydralisk  
  168  8:58  Hydralisk x4  
  168  8:59  Zergling x2  
  168  9:00  Zergling x12  
  183  9:08  Zergling x6  
  183  9:15  Zergling x16  
  183  9:17  Zergling x2  
  190  9:22  Baneling  
  190  9:23  Baneling x5  
  190  9:27  Zergling x16  
  190  9:28  Overseer  
  190  9:29  Baneling x19  
  190  9:31  Zergling x2  
  198  9:38  Spine Crawler  
  198  9:40  Zergling x6  
  199  9:46  Baneling x8  
  194  9:55  Zergling x14  
  194  9:56  Zergling x4  
  189  10:01  Zergling x22  
  189  10:02  Baneling x4  
  189  10:03  Baneling x8  
  189  10:04  Zergling x2  
  187  10:12  Hydralisk x4  
  181  10:16  Hydralisk  
  181  10:19  Hydralisk  
  159  10:24  Hydralisk x2  
  144  10:30  Hydralisk x2  
  144  10:32  Zergling x14  
  155  10:40  Zergling x6  
  158  10:47  Baneling x11  
  158  10:48  Zergling x8  
  162  10:56  Zergling x2  
  157  10:58  Overseer  
  157  11:02  Hydralisk x4  
  164  11:06  Zergling x6  
  167  11:13  Hydralisk x3  
  173  11:18  Hydralisk x2  
  173  11:25  Hatchery  
  173  11:29  Hydralisk x4  
  173  11:32  Zergling x2  
  176  11:35  Zergling x6  
  176  11:36  Zergling x4  
  179  11:41  Baneling x5  
  179  11:44  Hydralisk  
  179  11:45  Hydralisk  
  173  11:48  Hydralisk  
  174  11:54  Hydralisk x2  
  174  12:00  Hydralisk  
  174  12:01  Hydralisk  
  178  12:04  Zergling x10  
  183  12:09  Baneling x6  
  183  12:12  Zergling x6  
  183  12:17  Zergling x2  
  179  12:25  Hydralisk x2  
  179  12:28  Zergling x4  
  182  12:30  Overlord x2  
  182  12:32  Baneling x11  
  178  12:42  Hydralisk x3  
  176  12:52  Hydralisk  
  176  12:53  Zergling x12  
  176  12:56  Zergling x2  
  176  12:57  Zergling x6  
  181  13:00  Zergling x2  
  181  13:05  Zergling x4  
  183  13:09  Drone x2  
  183  13:10  Drone x3  
  183  13:11  Baneling x3  
  183  13:12  Baneling x13  
  188  13:18  Zergling x6  
  189  13:26  Zergling x4  
  189  13:27  Zergling x4  
  187  13:29  Hydralisk  
  173  13:35  Zergling x4  
  173  13:38  Hydralisk x9  
  177  13:45  Hydralisk x2  
  168  13:50  Zergling x2  
  168  13:51  Zergling x8  
  168  13:55  Hydralisk  
  153  14:01  Hydralisk x3  
  131  14:08  Drone x2  
  128  14:14  Hydralisk x2  
  129  14:24  Baneling x5  
  119  14:25  Zergling x2  
  119  14:26  Zergling x8  
  119  14:29  Hydralisk  
  118  14:36  Baneling  
  118  14:37  Baneling x3  
  118  14:38  Zergling x6  
  118  14:45  Baneling  
  118  14:46  Baneling x3  
  118  14:48  Drone x4  
  122  14:55  Baneling x4  
  122  14:58  Drone x3  
  125  15:05  Zergling x6  
  125  15:10  Hydralisk x2  
  114  15:16  Hydralisk  
  114  15:19  Hydralisk  
  114  15:20  Hydralisk  
  108  15:25  Zergling x6  
  107  15:30  Zergling x2  
  107  15:31  Zergling x4  
Show
View Real Time Build Order
Export as new Build Order

Patience Protoss - Winner!

Build Orders: Nexus First, Oracle Opening, Zealot Archon, Archon Drop 

Get SALT Encoding   

  12  0:00  Probe  
  13  0:12  Probe  
  14  0:18  Pylon  
  14  0:24  Probe  
  15  0:37  Probe  
  16  0:49  Probe  
  17  1:01  Nexus  
  17  1:11  Gateway, Probe  
  18  1:19  Probe  
  18  1:23  Assimilator  
  19  1:28  Assimilator  
  19  1:29  Probe  
  20  1:41  Probe  
  20  1:45  Gateway  
  21  1:52  Probe  
  22  2:00  Probe  
  22  2:01  Cybernetics Core  
  23  2:09  Probe  
  23  2:13  Probe  
  25  2:20  Probe  
  26  2:25  Probe  
  26  2:28  Adept x2  
  27  2:32  Probe  
  28  2:37  Probe  
  28  2:38  Warp Gate  
  33  2:44  Probe  
  33  2:45  Pylon  
  33  2:49  Probe  
  35  2:53  Stargate  
  35  2:58  Adept  
  37  3:04  Pylon  
  37  3:06  Probe  
  37  3:07  Probe  
  39  3:15  Probe x2, Pylon  
  41  3:23  Probe x2  
  41  3:28  Assimilator  
  41  3:32  Assimilator, Probe  
  41  3:34  Probe  
  45  3:45  Oracle  
  45  3:49  Probe  
  45  3:50  Probe  
  50  3:58  Robotics Facility  
  50  4:01  Twilight Council  
  50  4:02  Probe  
  51  4:04  Probe  
  51  4:07  Pylon  
  52  4:14  Probe  
  52  4:16  Probe  
  54  4:21  Gateway x2  
  54  4:23  Phoenix  
  56  4:38  Warp Prism  
  56  4:41  Templar Archives, Stalker  
  56  4:42  Forge  
  56  4:43  Zealot, Pylon  
  62  5:04  Zealot  
  62  5:06  Zealot  
  66  5:11  Charge  
  66  5:12  Protoss Ground Weapons Level 1  
  66  5:14  Nexus  
  66  5:16  Observer  
  70  5:28  Zealot x4  
  75  5:31  Pylon  
  75  5:33  Probe x2  
  77  5:51  High Templar  
  77  5:52  High Templar x3  
  77  5:54  Probe  
  77  5:57  Archon x2  
  86  5:58  Gateway  
  86  6:00  Gateway  
  86  6:03  Gateway  
  86  6:07  Gateway, Pylon  
  86  6:18  Pylon  
  86  6:25  Probe x2  
  88  6:32  High Templar x2  
  92  6:33  Probe, Zealot x2  
  92  6:35  Probe  
  92  6:37  Probe  
  92  6:39  Archon  
  99  6:41  Probe  
  100  6:47  Probe  
  100  6:49  Probe  
  102  6:58  Zealot x4  
  102  6:59  Probe  
  102  7:00  Probe  
  112  7:01  Probe  
  112  7:02  Pylon x2  
  112  7:04  Zealot x2  
  115  7:11  Probe  
  115  7:12  Probe  
  115  7:13  Probe  
  114  7:16  Zealot  
  114  7:18  Protoss Ground Weapons Level 2  
  114  7:20  Zealot x4  
  114  7:22  Probe x2, Zealot x2  
  116  7:23  Probe  
  119  7:30  Probe x2  
  119  7:31  Probe  
  121  7:39  Probe  
  121  7:40  Psionic Storm, High Templar x2, Probe x2  
  121  7:41  High Templar x2  
  132  7:49  Pylon  
  132  7:50  Pylon  
  132  7:51  Assimilator, Probe  
  132  7:55  Assimilator  
  133  8:06  Pylon  
  133  8:07  Probe x3  
  133  8:09  Pylon  
  136  8:16  Photon Cannon  
  136  8:18  Shield Battery  
  136  8:19  Probe x2  
  138  8:26  Probe  
  137  8:30  Zealot x5  
  137  8:31  Probe  
  148  8:37  High Templar  
  148  8:38  High Templar x2  
  148  8:40  Pylon  
  150  8:55  Nexus, High Templar  
  152  8:58  Pylon  
  152  9:08  Protoss Ground Weapons Level 3  
  136  9:17  High Templar x3  
  136  9:18  Gateway, High Templar  
  136  9:19  Gateway, Zealot  
  136  9:20  Zealot x2  
  136  9:21  Immortal, Gateway  
  136  9:23  Gateway  
  150  9:24  Photon Cannon, Shield Battery  
  150  9:26  Pylon  
  150  9:29  Archon x2  
  152  9:48  Zealot x4  
  158  9:55  Zealot x4  
  166  10:03  Archon x2  
  160  10:11  Zealot x4  
  154  10:18  Archon x2, Zealot x3  
  154  10:19  Zealot  
  148  10:27  Probe  
  148  10:28  Forge, Probe  
  142  10:31  Fleet Beacon, Probe  
  142  10:32  Probe  
  146  10:35  Probe  
  146  10:36  Probe  
  146  10:42  Assimilator  
  148  10:45  High Templar x3  
  148  10:46  Assimilator, High Templar  
  148  10:48  High Templar x2  
  160  10:52  Probe x2  
  160  10:54  Probe  
  160  10:56  Probe  
  157  11:04  Probe x2  
  157  11:06  Probe  
  157  11:08  High Templar x2, Probe  
  157  11:09  Zealot x2  
  157  11:10  Protoss Shields Level 1  
  168  11:12  Archon  
  168  11:16  Probe x2  
  170  11:18  Warp Prism  
  170  11:22  High Templar x2  
  170  11:23  Zealot x3  
  180  11:31  Probe x4  
  168  11:36  Gateway x2  
  148  11:49  Pylon, Zealot x4  
  148  11:54  High Templar x2  
  158  11:59  Protoss Ground Armor Level 1  
  158  12:01  Photon Cannon  
  156  12:02  Pylon  
  156  12:04  Zealot x4  
  159  12:16  High Templar x2  
  159  12:17  High Templar x2  
  167  12:27  Zealot x4  
  167  12:28  Archon  
  167  12:29  Archon  
  159  12:48  Protoss Shields Level 2  
  151  12:54  Zealot  
  151  12:55  Zealot x11  
  163  12:58  Observer  
  162  13:07  Probe x3  
  162  13:08  Probe  
  166  13:15  High Templar x2  
  166  13:16  High Templar x2  
  174  13:22  Archon  
  174  13:23  High Templar  
  174  13:25  Archon x2  
  173  13:28  Zealot x4  
  173  13:29  Zealot  
  173  13:33  Archon  
  183  13:36  Archon  
  175  13:43  Zealot x4  
  181  13:54  High Templar x4  
  181  13:55  Zealot  
  179  14:05  Zealot x9  
  183  14:17  High Templar  
  175  14:31  High Templar  
  175  14:32  High Templar x4  
  175  14:33  High Templar, Pylon  
  175  14:34  Zealot x4  
  175  14:35  Zealot  
  175  14:36  Archon  
  175  14:37  Archon x2  
  187  14:43  High Templar  
  189  14:49  Nexus  
  189  14:52  Pylon  
  189  14:56  Photon Cannon  
  189  14:58  Photon Cannon, High Templar  
  189  14:59  Shield Battery  
  187  15:08  Archon  
  175  15:17  Zealot x8  
  175  15:23  Zealot x3  
  169  15:37  Assimilator  
  169  15:42  Assimilator  
Tags
 
Add a new tag
Caveats
  • Supply blocks, unpowered buildings, or Contaminate may cause inaccurate times.
  • Supply counts are checked every 10 seconds.